cohdb
Replays
Latest Replays
All Replays
Popular Replays
Top Player Replays
Match Explorer
How It Works
Community
CoH3 Stats
Reddit
Sign in to upload your games and track your stats! →
Sign in with Steam
Match 43854394
Unlisted
Match 43854394
Overview
Messages
Build Orders
End
Construct Barracks
Riflemen Squad
Riflemen Squad
Riflemen Squad
Grenade Package
Construct Weapon Support Center
Bazooka Squad
Infantry Support Center
M1919 Machine Gun Team
Construct Medical Station
Selects Heavy Weapons
Selects M2HB .50cal Heavy Machine Gun
Selects Assault Carriers
Selects Exchangeable Parts
M1919 Machine Gun Team
Bazooka Squad
Improved M9 Bazooka Rockets
Bazooka Squad
Advanced Logistics
M3 Assault Carrier
M3 Assault Carrier
M1919 Machine Gun Team
Riflemen Squad
Bazooka Squad
Selects M26 Pershing Heavy Tank
Selects Gallant Stand
Construct Motor Pool
M1 Anti-tank Gun Team
M1 Anti-tank Gun Team
M1 Anti-tank Gun Team
Selects Black Dragon Artillery Barrage
Black Dragon Artillery Barrage
Hellfish
Grongolock
0
0
Comments
sign in to comment!
No comments posted yet!